 Dungeon Crawl Stone Soup version 0.18.1-48-g4cf74bf (webtiles) character file.

343 dvd the Shield-Bearer (level 6, -3/56 HPs)
             Began as a Deep Dwarf Fighter on Sept 7, 2016.
             Slain by an ogre
             ... wielding a +0 giant club
              (25 damage)
             ... on level 4 of the Dungeon.
             The game lasted 00:08:59 (2549 turns).

dvd the Shield-Bearer (Deep Dwarf Fighter)          Turns: 2549, Time: 00:08:59

Health: -3/56      AC:  8    Str: 21    XL:     6   Next: 31%
Magic:  6/6        EV:  6    Int:  8    God:
Gold:   59         SH: 10    Dex: 13    Spells: 0 memorised, 5 levels left

rFire  . . .     SeeInvis .     a - +0 war axe
rCold  . . .     Gourm    .     q - +0 scale mail
rNeg   . . .     Faith    .     s - +2 shield
rPois  .         Spirit   .     o - +0 helmet
rElec  .         Dismiss  .     (no cloak)
rCorr  .         Reflect  .     g - +0 pair of gloves
SustAt .         Harm     .     (no boots)
MR     .....                    (no amulet)
Stlth  ..........               (no ring)
                                (no ring)

@: non-regenerating, very heavily drained, not resistant to hostile
enchantments, extremely unstealthy
A: damage resistance, recharge devices, sense surroundings 1, slow regeneration
3
a: Device Recharging


You were on level 4 of the Dungeon.
You were not hungry.

You visited 1 branch of the dungeon, and saw 4 of its levels.

You collected 59 gold pieces.

Inventory:

Hand Weapons
 a - a +0 war axe (weapon)
 b - a +0 hunting sling
 d - a +2 battleaxe
Missiles
 r - 95 stones
 x - 2 javelins (quivered)
Armour
 g - a +0 pair of gloves (worn)
 k - a +0 chain mail
 o - a +0 helmet (worn)
 q - a +0 scale mail (worn)
 s - a +2 shield (worn)
Jewellery
 y - an uncursed amulet of guardian spirit
Wands
 e - a wand of heal wounds (2/9)
Scrolls
 j - 2 scrolls of magic mapping {unknown}
 l - 4 scrolls of identify
 t - a scroll of noise {unknown}
 u - a scroll of enchant armour {unknown}
Potions
 c - a potion of cure mutation {unknown}
 h - a potion of resistance {unknown}
 m - a potion of mutation {unknown}
 n - 2 potions of curing {unknown}
 p - 3 potions of magic {unknown}
Books
 w - a book of Minor Magic

   Spells                             Type                      Level
   a - Magic Dart                     Conjuration                  1
   b - Blink                          Translocation                2
   c - Call Imp                       Summoning                    2
   d - Repel Missiles                 Charms/Air                   2
   e - Slow                           Hexes                        2
   f - Conjure Flame                  Conjuration/Fire             3
   g - Mephitic Cloud                 Conjuration/Poison/Air       3
Comestibles
 f - 2 bread rations
 i - 2 chunks of flesh


   Skills:
 + Level 3.5(0.0) Fighting
 + Level 3.2(0.0) Axes
 + Level 1.8(0.0) Slings
 + Level 0.6(0.0) Throwing
 + Level 4.5(0.3) Armour
 + Level 2.2(0.0) Dodging
 + Level 0.3(0.0) Stealth
 + Level 4.8(0.6) Shields
 + Level 0.3(0.0) Evocations


You had 5 spell levels left.
You didn't know any spells.

Dungeon Overview and Level Annotations

Branches:
Dungeon (4/15)
 Temple: D:4-7

Altars:
Okawaru
Trog

Annotations:
D:3 Terence


Innate Abilities, Weirdness & Mutations

You are resistant to damage.
You can recharge devices by infusing magical energy.
You passively map a small area around you.
You do not regenerate naturally.


Message History

You slash the orc!
You kill the orc!
You slash the orc!
You kill the orc!
The orc hits you but does no damage.
Unknown command.
You hit the orc but do no damage. The orc barely misses you.
You slash the orc!
You kill the orc!
You block the orc's attack.
You slash the orc!
You kill the orc!
You block the ogre's attack.
Unknown command.
Your shield and scale mail prevent you from hitting the ogre.
You block the ogre's attack.
You slash the ogre!
The ogre is moderately wounded.
The ogre hits you with a giant club!!
You die...

##..###...# *
........<#
*#.##.#.## ,
#...# , * ##..#
, * #..# *
*###..######* ,
#.......... * ,
#..@....... ,
......>O.......
*
.####..........
, * *
#..o....... **
#.......... * ,
* *#..(.......
, ,
,........... ,
, ,
#...(....... ,


You could see an ogre and an orc wizard.

Vanquished Creatures
  3 wights (D:3)
  A worker ant (D:4)
  Robin (D:2)
  2 gnolls (D:2)
  7 adders
  2 oozes (D:2)
  An adder skeleton (D:3)
  A dart slug (D:2)
  A giant gecko (D:1)
  4 orcs (D:4)
  A ball python (D:3)
  6 bats
  8 giant cockroaches
  18 goblins
  6 hobgoblins
  4 jackals (D:2)
  10 kobolds
  6 giant newts
  7 rats
89 creatures vanquished.

Notes
Turn   | Place    | Note
--------------------------------------------------------------
     0 | D:1      | dvd the Deep Dwarf Fighter began the quest for the Orb.
     0 | D:1      | Reached XP level 1. HP: 20/20 MP: 1/1
   224 | D:1      | Reached XP level 2. HP: 27/27 MP: 2/2
  1114 | D:2      | Found a bloodstained altar of Trog.
  1123 | D:2      | Reached XP level 3. HP: 30/34 MP: 3/3
  1145 | D:2      | Noticed Robin
  1156 | D:2      | Killed Robin
  1238 | D:2      | Reached XP level 4. HP: 27/42 MP: 4/4
  1456 | D:2      | Reached skill level 1 in Dodging
  1508 | D:2      | Found an iron altar of Okawaru.
  1678 | D:2      | Reached XP level 5. HP: 27/49 MP: 5/5
  2067 | D:3      | Noticed Terence
  2106 | D:3      | Reached skill level 1 in Slings
  2408 | D:3      | Reached XP level 6. HP: 18/56 MP: 6/6
  2432 | D:3      | HP: 2/56 [wight/enchanted spear (3)]
  2549 | D:4      | Slain by an ogre

Skill      XL: |  1  2  3  4  5 |
---------------+----------------+-----
Fighting       | 3 |  3.5
Armour         | 4 |  4.5
Dodging        | 1 2 |  2.2
Shields        | 4 |  4.8
Slings         | 1 |  1.8
Axes           | 3 |  3.2
Throwing       | |  0.6
Stealth        | |  0.3
Evocations     | |  0.3

Action                   |  1- 3 |  4- 6 || total
-------------------------+-------+-------++-------
Melee: War axe           |    87 |   152 ||   239
 Fire: Hunting sling     |       |    33 ||    33
Throw: Javelin           |       |    21 ||    21
       Stone             |       |     2 ||     2
Evoke: Wand              |       |     3 ||     3
  Use: Scroll            |     5 |       ||     5
       Potion            |       |     3 ||     3
  Eat: Chunk             |     1 |     5 ||     6
Armor: Scale mail        |    62 |    71 ||   133
Dodge: Dodged            |    19 |    65 ||    84
Block: Shield            |    59 |   129 ||   188
